 Dungeon Crawl Stone Soup version 0.29-a0-520-gc852659d43 (webtiles) character file.

Game seed: 5721470278839638289

53 KateP the Covered (level 3, -2/33 HPs)
             Began as a Minotaur Fighter on May 31, 2022.
             Slain by Terence
             ... wielding a +0 flail
              (6 damage)
             ... on level 2 of the Dungeon.
             The game lasted 00:01:35 (1273 turns).

KateP the Covered (Minotaur Fighter)                Turns: 1273, Time: 00:01:37

Health: -2/33      AC:  7    Str: 22    XL:     3   Next: 64%
Magic:  2/2        EV:  9    Int:  5    God:
Gold:   85         SH:  5    Dex: 15    Spells: 2/2 levels left

rFire   . . .      SeeInvis .   a - +0 war axe
rCold   . . .      Faith    .   c - +0 buckler
rNeg    . . .      Spirit   .   b - +0 scale mail
rPois   .          Reflect  .   (helmet restricted)
rElec   .          Harm     .   (no cloak)
rCorr   .          Rampage  .   (no gloves)
Will    .....                   (no boots)
Stlth   ..........              (no amulet)
HPRegen 0.11/turn               j - +6 ring of dexterity
MPRegen 0.08/turn               (no ring)

@: no status effects
A: horns 2, retaliatory headbutt
a: no special abilities


You were on level 2 of the Dungeon.
You visited 1 branch of the dungeon, and saw 2 of its levels.

You collected 85 gold pieces.

Inventory:

Hand Weapons
 a - a +0 war axe (weapon)
Armour
 b - a +0 scale mail (worn)
 c - a +0 buckler (worn)
Jewellery
 j - a +6 ring of dexterity (left hand)
Wands
 o - a wand of flame (13)
Scrolls
 e - 3 scrolls of fear {unknown}
 g - a scroll of amnesia {unknown}
 h - a scroll of silence {unknown}
 l - a scroll of poison {unknown}
 m - a scroll of identify {unknown}
 n - a scroll of fog {unknown}
Potions
 d - a potion of might
 f - 3 potions of curing {unknown}
 i - a potion of heal wounds {unknown}
 k - a potion of flight {unknown}


   Skills:
 + Level 4.1 Fighting
 * Level 3.6 Axes
 + Level 4.1 Armour
 + Level 4.0 Shields


You had 2 spell levels left.
You didn't know any spells.
Your spell library contained the following spells:

 Spells                   Type           Power      Damage    Failure   Level
 Freeze                   Ice            0%         1d3       87%         1
 Frozen Ramparts          Ice            0%         1d2       99%         3
 Hailstorm                Conj/Ice       0%         3d3       100%        4


Dungeon Overview and Level Annotations

Branches:
Dungeon (2/15)

Altars:

Annotations:
D:2 Terence


Innate Abilities, Weirdness & Mutations

You have a pair of horns on your head.
You reflexively headbutt those who attack you in melee.


Message History

There are monsters nearby!
You hit Terence. You headbutt Terence.
Terence is moderately wounded.
You hit the adder. The adder bites you.
You are poisoned.
The adder poisons you! The adder bites you but does no damage.
Terence hits you but does no damage.
You slash Terence! You headbutt Terence.
Terence is severely wounded.
You miss the adder.
You feel sick. The adder bites you but does no damage.
Terence barely misses you. The adder barely misses you.
You barely miss Terence. You headbutt Terence.
Terence is almost dead.
You hit the adder.
You feel sick. Terence hits you with a +0 flail. The adder closely misses you.
You furiously retaliate!
You headbutt the adder. You block the adder's attack.
Terence hits you with a +0 flail!
* * * LOW HITPOINT WARNING * * *
You are too injured to fight recklessly!
You are too injured to fight recklessly!
Unknown command.
You hit Terence but do no damage.
Terence is almost dead.
You barely miss the adder.
You feel sick. You block the adder's attack. Terence hits you with a +0 flail.
* * * LOW HITPOINT WARNING * * *
The adder bites you.
* * * LOW HITPOINT WARNING * * *
You hit Terence.
Terence is almost dead.
You closely miss the adder.
You feel sick. Terence closely misses you.
The adder bites you but does no damage.
Unknown command.
You closely miss Terence.
Terence is almost dead.
You hit the adder.
You kill the adder!
You feel sick.
You are no longer poisoned.
Terence hits you with a +0 flail.
You die...

#.##### ...
#.# ## ..
#.# #. ..
#.# #. #.##
#.# #.
####..##
#.# #.
#......#
#.# #.
#....@.#
#.# ##
#....@.##
#.# ###
#.......#
#†# #..
#.......#
#.# #..
#.......#
#.# #..
#.......#
#.# #..
#.......##
#.###..
#........#
#......
#......#.##
#......
########..#
#......


You could see Terence.

Vanquished Creatures
  3 adders (D:2)
  A dart slug (D:1)
  4 endoplasms
  A giant cockroach (D:1)
  2 goblins (D:1)
  3 hobgoblins
  2 kobolds (D:1)
  2 quokkas
  7 ball pythons
  2 bats (D:2)
  A frilled lizard (D:2)
  3 rats
31 creatures vanquished.

Notes
Turn   | Place    | Note
-------+----------+-------------------------------------------
     0 | D:1      | KateP the Minotaur Fighter began the quest for the Orb.
     0 | D:1      | Reached XP level 1. HP: 19/19 MP: 0/0
   201 | D:1      | Found a faded altar of an unknown god.
   232 | D:1      | Reached XP level 2. HP: 27/27 MP: 1/1
   838 | D:2      | Reached XP level 3. HP: 33/33 MP: 2/2
  1263 | D:2      | Noticed Terence
  1273 | D:2      | Slain by Terence

Illustrated notes

Levels and vault maps discovered:
D:1:      minmay_arrival_three_doors, layout_loops_ring,
          chequers_ecumenical_altar_lobes
D:2:      layout_basic, uniq_terence, uniq_jessica

Skill      XL: |  1  2  3 |
---------------+----------+-----
Axes           | 3 |  3.6
Armour         | 4 |  4.1
Fighting       | 4 |  4.1
Shields        | 4 |  4.0

Action                   || total
-------------------------++-------
Melee: War axe           ||    50
       Headbutt          ||    11
Armor: Scale mail        ||    23
Dodge: Dodged            ||    24
Block: Buckler           ||    16

Table legend: (Time is in decaauts)
 A = Elapsed time spent in this place.
 B = Non-inter-level travel time spent in this place.
 C = Inter-level travel time spent in this place.
 D = Time resting spent in this place.
 E = Time spent auto-exploring this place.
 F = Levels seen in this place.
 G = Mean time per level.
                   A        B        C        D        E       F      G
               +--------+--------+--------+--------+--------+-----+--------+
         Total |   1290 |   1290 |      0 |      0 |   1066 |   2 |  645.0 |
       Dungeon |   1290 |   1290 |      0 |      0 |   1066 |   2 |  645.0 |
               +--------+--------+--------+--------+--------+-----+--------+

Top non-repeatable levels by time:
     D:1: 837 daAuts
     D:2: 453 daAuts
